BSA
ST. LOUIS BROWNS @ BAFFIN ISLAND BEAVERS
09/24/2029
 
TOP OF THE 1ST
St. Louis Browns batting - Pitching for Baffin Island Beavers : RHP Reagan Wear
Pitching: RHP Reagan Wear
Batting: LHB Robin Hill 0-0: Called Strike
0-1: Foul Ball, location: 2F
0-2: Ball
1-2: Ball
2-2: Fly out, F9 (Line Drive, 9S)
Batting: RHB José Flores 0-0: Foul Ball, location: 2F
0-1: Ball
1-1: Foul Ball, location: 2F
1-2: SINGLE (Line Drive, 4D)
Batting: LHB Mike Hill 0-0: SINGLE (Line Drive, 7LS)
José Flores to second
Runner from 2nd tries for 3rd, SAFE, no throw
Batting: SHB David Johnstone 0-0: SINGLE (Flyball, 7LS)
José Flores scores
Mike Hill to second
Batting: LHB Junior Coates 0-0: Ball
1-0: Foul Ball, location: 2F
1-1: Ball
2-1: Foul Ball, location: 2F
2-2: Foul Ball, location: 2F
2-2: Ball
3-2: DOUBLE (Flyball, 89D)
Mike Hill scores
David Johnstone to third
Batting: LHB Dave Watson 0-0: Called Strike
0-1: Ball
1-1: Foul Ball, location: 2F
1-2: Foul Ball, location: 2F
1-2: Ball
2-2: Ball
3-2: Strikes out looking
Batting: RHB Adrian Prouse 0-0: Called Strike
0-1: Ball
1-1: Ball
2-1: Foul Ball, location: 2F
2-2: Ground out 6-3 (Groundball, 6)
Top of the 1st over - 2 runs, 4 hits, 0 errors, 2 left on base; St. Louis 2 - Baffin Island 0
BOTTOM OF THE 1ST
Baffin Island Beavers batting - Pitching for St. Louis Browns : LHP Bernardo Miranda
Pitching: LHP Bernardo Miranda
Batting: RHB Alden Isenhood 0-0: Ball
1-0: Ball
2-0: Called Strike
2-1: Foul Ball, location: 2F
2-2: Foul Ball, location: 2F
2-2: Ball
3-2: Ground out 3-1 (Groundball, 34)
Batting: SHB Alonso Ferreira 0-0: Ball
1-0: Swinging Strike
1-1: Fly out, F8 (Flyball, 8LS)
Batting: RHB Dave Craig 0-0: Ball
1-0: Ball
2-0: Foul Ball, location: 2F
2-1: SINGLE (Groundball, 56D)
Batting: RHB Tony Morton 0-0: Ball
1-0: Called Strike
1-1: Foul Ball, location: 2F
1-2: Fly out, F6 (Popup, 6MS)
Bottom of the 1st over - 0 runs, 1 hit, 0 errors, 1 left on base; St. Louis 2 - Baffin Island 0
TOP OF THE 2ND
St. Louis Browns batting - Pitching for Baffin Island Beavers : RHP Reagan Wear
Batting: RHB Anthony Rucker 0-0: Foul Ball, location: 2F
0-1: Called Strike
0-2: Ball
1-2: Ball
2-2: SINGLE (Flyball, 89M)
Batting: RHB Domingo Romero 0-0: Ball
Anthony Rucker steals 2nd base
1-0: Called Strike
1-1: Fly out, F8 (Flyball, 8LM)
Batting: LHB Robin Hill 0-0: Called Strike
0-1: Ball
1-1: Called Strike
1-2: Ball
2-2: Foul Ball, location: 2F
2-2: Fly out, F9 (Line Drive, 89D)
Runner from 2nd tags up, SAFE at 3rd, no throw
Batting: RHB José Flores 0-0: Called Strike
0-1: Called Strike
0-2: Strikes out swinging
Top of the 2nd over - 0 runs, 1 hit, 0 errors, 1 left on base; St. Louis 2 - Baffin Island 0
BOTTOM OF THE 2ND
Baffin Island Beavers batting - Pitching for St. Louis Browns : LHP Bernardo Miranda
Batting: LHB Howard Evans 0-0: Foul Ball, location: 2F
0-1: Ball
1-1: Ball
2-1: Swinging Strike
2-2: Ball
3-2: Fly out, F9 (Flyball, 9D)
Batting: RHB Alberto Hernández 0-0: Ball
1-0: Reached on error, E6 (Groundball, 6)
Batting: RHB Pedro Molina 0-0: Ball
1-0: Called Strike
1-1: DOUBLE (Groundball, 5L)
Alberto Hernández to third
Runner from 3rd tries for Home, SAFE, no throw
Batting: LHB Lorenzo Villa 0-0: Called Strike
0-1: Ball
1-1: Called Strike
1-2: Strikes out swinging
Batting: LHB César Valentín 0-0: Called Strike
0-1: Ball
1-1: Ball
2-1: Ball
3-1: Foul Ball, location: 2F
3-2: SINGLE (Groundball, 56) (infield hit)
Pedro Molina to third
Batting: RHB Alden Isenhood 0-0: Ball
1-0: Called Strike
1-1: Ball
2-1: Ball
3-1: Ground out 4-3 (Groundball, 4)
Bottom of the 2nd over - 1 run, 2 hits, 1 error, 2 left on base; St. Louis 2 - Baffin Island 1
TOP OF THE 3RD
St. Louis Browns batting - Pitching for Baffin Island Beavers : RHP Reagan Wear
Batting: LHB Mike Hill 0-0: Foul Ball, location: 2F
0-1: Called Strike
0-2: Ball
1-2: Ground out 4-3 (Groundball, 4)
Batting: SHB David Johnstone 0-0: Swinging Strike
0-1: Foul Ball, location: 2F
0-2: Ball
1-2: Strikes out looking
Batting: LHB Junior Coates 0-0: Ball
1-0: Called Strike
1-1: Foul Ball, location: 2F
1-2: Ball
2-2: Ground out 3-1 (Groundball, 34S)
Top of the 3rd over - 0 runs, 0 hits, 0 errors, 0 left on base; St. Louis 2 - Baffin Island 1
BOTTOM OF THE 3RD
Baffin Island Beavers batting - Pitching for St. Louis Browns : LHP Bernardo Miranda
Batting: SHB Alonso Ferreira 0-0: Ball
1-0: Ball
2-0: Called Strike
2-1: Swinging Strike
2-2: Ball
3-2: Foul Ball, location: 2F
3-2: Fly out, F7 (Flyball, 7D)
Batting: RHB Dave Craig 0-0: Ball
1-0: Ball
2-0: Called Strike
2-1: Foul Ball, location: 2F
2-2: Ball
3-2: SOLO HOME RUN (Flyball, 8LXD) (Inside the Park)
Batting: RHB Tony Morton 0-0: Called Strike
0-1: Swinging Strike
0-2: Ball
1-2: Foul Ball, location: 2F
1-2: Foul Ball, location: 2F
1-2: Ball
2-2: Foul Ball, location: 2F
2-2: Foul Ball, location: 2F
2-2: Fly out, F8 (Flyball, 8LXD)
Batting: LHB Howard Evans 0-0: Foul Ball, location: 2F
0-1: Ball
1-1: Swinging Strike
1-2: Foul Ball, location: 2F
1-2: Ball
2-2: Ball
3-2: Foul Ball, location: 2F
3-2: Base on Balls
Batting: RHB Alberto Hernández 0-0: Ball
1-0: Reached on error, E5 (Groundball, 56)
Howard Evans to second
Batting: RHB Pedro Molina 0-0: Called Strike
0-1: Swinging Strike
0-2: Fielders Choice at 2nd, 5-4 (Groundball, 56)
Bottom of the 3rd over - 1 run, 1 hit, 1 error, 2 left on base; St. Louis 2 - Baffin Island 2
TOP OF THE 4TH
St. Louis Browns batting - Pitching for Baffin Island Beavers : RHP Reagan Wear
Batting: LHB Dave Watson 0-0: Called Strike
0-1: Ball
1-1: Called Strike
1-2: Foul Ball, location: 2F
1-2: Foul Ball, location: 2F
1-2: Ball
2-2: Ball
3-2: Strikes out swinging
Batting: RHB Adrian Prouse 0-0: Ball
1-0: Ball
2-0: Swinging Strike
2-1: Foul Ball, location: 2F
2-2: Strikes out swinging
Batting: RHB Anthony Rucker 0-0: Ball
1-0: Swinging Strike
1-1: Swinging Strike
1-2: Foul Ball, location: 2F
1-2: Foul Ball, location: 2F
1-2: Fly out, F9 (Flyball, 9S)
Top of the 4th over - 0 runs, 0 hits, 0 errors, 0 left on base; St. Louis 2 - Baffin Island 2
BOTTOM OF THE 4TH
Baffin Island Beavers batting - Pitching for St. Louis Browns : LHP Bernardo Miranda
Batting: LHB Lorenzo Villa 0-0: Foul Ball, location: 2F
0-1: Ground out 4-3 (Groundball, 4)
Batting: LHB César Valentín 0-0: Ball
1-0: Ball
2-0: Ball
3-0: Base on Balls
Batting: RHB Alden Isenhood 0-0: Ball
1-0: Ball
2-0: Ball
3-0: Called Strike
3-1: SINGLE (Groundball, 4MD)
César Valentín to second
Batting: SHB Alonso Ferreira 0-0: Ball
1-0: SINGLE (Groundball, 6MD)
César Valentín to third
Alden Isenhood to second
Runner from 3rd tries for Home, SAFE, throw made home
Batting: RHB Dave Craig 0-0: Called Strike
Alonso Ferreira is caught stealing 2nd base
0-1: Ball
1-1: Swinging Strike
1-2: Strikes out swinging
Bottom of the 4th over - 1 run, 2 hits, 0 errors, 1 left on base; St. Louis 2 - Baffin Island 3
TOP OF THE 5TH
St. Louis Browns batting - Pitching for Baffin Island Beavers : RHP Reagan Wear
Now at 1B: Jonathan MacVey
Batting: RHB Domingo Romero 0-0: Called Strike
0-1: Fly out, F8 (Flyball, 8RXD)
Batting: LHB Robin Hill 0-0: Ball
1-0: Ball
2-0: Ball
3-0: Called Strike
3-1: Base on Balls
Batting: RHB José Flores 0-0: Ball
1-0: Ball
2-0: Swinging Strike
2-1: Grounds into double play, 1-6-3 (Groundball, P)
Top of the 5th over - 0 runs, 0 hits, 0 errors, 0 left on base; St. Louis 2 - Baffin Island 3
BOTTOM OF THE 5TH
Baffin Island Beavers batting - Pitching for St. Louis Browns : LHP Bernardo Miranda
Pitching: RHP Máximo Marín
Batting: RHB Tony Morton 0-0: Fly out, F8 (Flyball, 8RD)
Batting: LHB Howard Evans 0-0: Ball
1-0: Swinging Strike
1-1: Ball
2-1: Ball
3-1: Base on Balls
Batting: RHB Alberto Hernández 0-0: Ball
1-0: Called Strike
1-1: Fly out, F7 (Flyball, 78M)
Pitching: RHP Martín Ortíz
Batting: RHB Pedro Molina 0-0: Called Strike
0-1: Fly out, F7 (Flyball, 78S)
Bottom of the 5th over - 0 runs, 0 hits, 0 errors, 1 left on base; St. Louis 2 - Baffin Island 3
TOP OF THE 6TH
St. Louis Browns batting - Pitching for Baffin Island Beavers : RHP Reagan Wear
Batting: LHB Mike Hill 0-0: Foul Ball, location: 2F
0-1: Ball
1-1: Foul Ball, location: 2F
1-2: Ball
2-2: Ball
3-2: Fly out, F8 (Flyball, 8LD)
Batting: SHB David Johnstone 0-0: Foul Ball, location: 2F
0-1: Called Strike
0-2: Foul Ball, location: 2F
0-2: Strikes out swinging
Batting: LHB Junior Coates 0-0: Ball
1-0: Called Strike
1-1: Swinging Strike
1-2: Fly out, F6 (Line Drive, 6)
Top of the 6th over - 0 runs, 0 hits, 0 errors, 0 left on base; St. Louis 2 - Baffin Island 3
BOTTOM OF THE 6TH
Baffin Island Beavers batting - Pitching for St. Louis Browns : RHP Martín Ortíz
Batting: LHB Lorenzo Villa 0-0: SINGLE (Groundball, 4D)
Batting: LHB César Valentín 0-0: Swinging Strike
0-1: Ball
1-1: Fly out, F6 (Popup, 6M)
Batting: RHB Alden Isenhood 0-0: Swinging Strike
0-1: Ground out 6-3 (Groundball, 6)
Lorenzo Villa to second
Batting: RHB Jonathan MacVey 0-0: Ball
1-0: Foul Ball, location: 2F
1-1: Called Strike
1-2: SINGLE (Line Drive, 8LS)
Lorenzo Villa to third
Batting: RHB Dave Craig 0-0: Fly out, F8 (Line Drive, 89M)
Bottom of the 6th over - 0 runs, 2 hits, 0 errors, 2 left on base; St. Louis 2 - Baffin Island 3
TOP OF THE 7TH
St. Louis Browns batting - Pitching for Baffin Island Beavers : RHP Reagan Wear
Batting: LHB Dave Watson 0-0: Called Strike
0-1: Ball
1-1: SINGLE (Line Drive, 8LS)
Pitching: LHP Roberto Barrón
Batting: RHB Adrian Prouse 0-0: Called Strike
0-1: Ball
1-1: Fly out, F7 (Flyball, 7D)
Batting: RHB Anthony Rucker 0-0: Ball
1-0: Called Strike
1-1: Ball
2-1: Ball
3-1: Base on Balls
Dave Watson to second
Batting: RHB Domingo Romero 0-0: Foul Ball, location: 2F
0-1: Ball
1-1: Fly out, F7 (Flyball, 7D)
Runner from 2nd tags up, SAFE at 3rd, no throw
Batting: RHB Javier Martínez 0-0: Ball
1-0: Foul Ball, location: 2F
1-1: Foul Ball, location: 2F
1-2: Ball
2-2: Foul Ball, location: 2F
2-2: DOUBLE (Line Drive, 7LS)
Dave Watson scores
Anthony Rucker to third
Runner from 3rd tries for Home, SAFE, no throw
Batting: RHB José Flores 0-0: SINGLE (Groundball, 6MD)
Javier Martínez to third
Runner from 3rd tries for Home, SAFE, no throw
Batting: LHB Mike Hill 0-0: Foul Ball, location: 2F
0-1: Ball
1-1: Ball
2-1: Fly out, F6 (Flyball, 56D)
Top of the 7th over - 3 runs, 3 hits, 0 errors, 1 left on base; St. Louis 5 - Baffin Island 3
BOTTOM OF THE 7TH
Baffin Island Beavers batting - Pitching for St. Louis Browns : RHP Martín Ortíz
Now in CF: Javier Martínez
Batting: RHB Tony Morton 0-0: Ball
1-0: Ball
2-0: Foul Ball, location: 2F
2-1: Ball
3-1: Base on Balls
Pitching: LHP Daniel Gregory
Batting: LHB Howard Evans 0-0: Ball
1-0: Ball
2-0: Called Strike
2-1: Called Strike
2-2: Foul Ball, location: 2F
2-2: Ball
3-2: Strikes out swinging
Tony Morton steals 2nd base
Batter strikes out.
Pitching: RHP Bob Cunningham
Batting: RHB Alberto Hernández 0-0: Fly out, F7 (Flyball, 7LSF)
Now in LF: Vicente Valentín
Batting: RHB Pedro Molina 0-0: Called Strike
0-1: Swinging Strike
0-2: Ball
1-2: Ball
2-2: SINGLE (Groundball, 6MD)
Tony Morton to third
Runner from 3rd tries for Home, SAFE, no throw
Pitching: RHP António Ramos
Batting: LHB Lorenzo Villa 0-0: Ball
1-0: Foul Ball, location: 2F
1-1: Ball
2-1: Foul Ball, location: 2F
2-2: Fly out, F8 (Flyball, 8RS)
Bottom of the 7th over - 1 run, 1 hit, 0 errors, 1 left on base; St. Louis 5 - Baffin Island 4
TOP OF THE 8TH
St. Louis Browns batting - Pitching for Baffin Island Beavers : LHP Roberto Barrón
Pitching: RHP Beau Brown
Batting: SHB David Johnstone 0-0: Foul Ball, location: 2F
0-1: Ground out U3 (Groundball, 34)
Batting: LHB Junior Coates 0-0: Ball
1-0: Called Strike
1-1: Ball
2-1: Ball
3-1: Called Strike
3-2: Fly out, F5 (Popup, 5S)
Batting: LHB Dave Watson 0-0: Ball
1-0: Ball
2-0: Called Strike
2-1: Ball
3-1: Swinging Strike
3-2: Strikes out looking
Top of the 8th over - 0 runs, 0 hits, 0 errors, 0 left on base; St. Louis 5 - Baffin Island 4
BOTTOM OF THE 8TH
Baffin Island Beavers batting - Pitching for St. Louis Browns : RHP António Ramos
Batting: LHB César Valentín 0-0: Ball
1-0: Foul Ball, location: 2F
1-1: Foul Ball, location: 2F
1-2: Foul Ball, location: 2F
1-2: Ground out 4-3 (Groundball, 34D)
Batting: RHB Alden Isenhood 0-0: DOUBLE (Line Drive, 9D)
Batting: RHB Jonathan MacVey 0-0: Ground out 6-3 (Groundball, 6M)
Alden Isenhood to third
Batting: RHB Dave Craig 0-0: Called Strike
0-1: Ball
1-1: Swinging Strike
1-2: Foul Ball, location: 2F
1-2: Strikes out swinging
Bottom of the 8th over - 0 runs, 1 hit, 0 errors, 1 left on base; St. Louis 5 - Baffin Island 4
TOP OF THE 9TH
St. Louis Browns batting - Pitching for Baffin Island Beavers : RHP Beau Brown
Pitching: RHP Tony Rocha
Batting: RHB Adrian Prouse 0-0: Ball
1-0: Called Strike
1-1: Fly out, F7 (Line Drive, 7)
Batting: RHB Anthony Rucker 0-0: Ball
1-0: Ball
2-0: Called Strike
2-1: Ground out 5-3 (Groundball, 56)
Batting: RHB Domingo Romero 0-0: Called Strike
0-1: Ball
1-1: Ball
2-1: Ball
3-1: Fly out, F9 (Flyball, 9LSF)
Top of the 9th over - 0 runs, 0 hits, 0 errors, 0 left on base; St. Louis 5 - Baffin Island 4
BOTTOM OF THE 9TH
Baffin Island Beavers batting - Pitching for St. Louis Browns : RHP António Ramos
Pitching: RHP Jorge Pérez
Now at SS: Octávio Marín
Batting: RHB Tony Morton 0-0: Called Strike
0-1: Ground out 5-3 (Groundball, 56)
Batting: LHB Howard Evans 0-0: Swinging Strike
0-1: Ball
1-1: Ball
2-1: Foul Ball, location: 2F
2-2: Strikes out swinging
Pinch Hitting: LHB Eric Wheeler 0-0: Called Strike
0-1: Ball
1-1: Fly out, F3 (Line Drive, 3)
Bottom of the 9th over - 0 runs, 0 hits, 0 errors, 0 left on base; St. Louis 5 - Baffin Island 4
Saturday, December 16th, 2017 - OOTP Baseball 18.8 Build 76